 Dungeon Crawl Stone Soup version 0.28-a0-1080-g05a166d0ed (webtiles) character file.

Game seed: 15263207765368812175

20 ragingrage the Cudgeller (level 2, -1/17 HPs)
             Began as a Gargoyle Warper on Dec 10, 2021.
             Slain by a kobold (5 damage)
             ... on level 1 of the Dungeon.
             The game lasted 00:01:02 (608 turns).

ragingrage the Cudgeller (Gargoyle Warper)           Turns: 608, Time: 00:01:02

Health: -1/17      AC:  5    Str: 14    XL:     2   Next: 79%
Magic:  5/5        EV: 11    Int: 13    God:
Gold:   19         SH:  0    Dex:  9    Spells: 3/5 levels left

rFire   . . .      SeeInvis .   a - +0 mace
rCold   . . .      Faith    .   (no shield)
rNeg    + . .      Spirit   .   b - +0 leather armour
rPois   ∞          Reflect  .   (no helmet)
rElec   +          Harm     .   (no cloak)
rCorr   .          Rampage  .   (no gloves)
Will    .....                   (no boots)
Stlth   +.........              (no amulet)
HPRegen 0.05/turn               (no ring)
MPRegen 0.09/turn               (no ring)

@: no status effects
A: sickness immunity, AC +2, negative energy resistance 1, electricity
resistance, torment resistance 1, petrification resistance
a: no special abilities


You were on level 1 of the Dungeon.
You visited 1 branch of the dungeon, and saw 1 of its levels.

You collected 19 gold pieces.

Inventory:

Hand Weapons
 a - a +0 mace (weapon)
Missiles
 d - 5 boomerangs of dispersal (quivered)
Armour
 b - a +0 leather armour (worn)
Scrolls
 c - a scroll of blinking
Potions
 e - a potion of haste {unknown}
 g - a potion of curing {unknown}


   Skills:
 - Level 2.1 Fighting
 * Level 3.2 Maces & Flails
 - Level 0.8 Throwing
 - Level 1.1 Armour
 - Level 1.5 Dodging
 - Level 2.0 Spellcasting
 - Level 2.6 Translocations


You had 3 spell levels left.
You knew the following spells:

 Your Spells              Type           Power      Damage    Failure   Level
a - Blink                 Tloc           16%        N/A       16%         2

Your spell library contained the following spells:

 Spells                   Type           Power      Damage    Failure   Level
 Gell's Gravitas          Tloc           8%         N/A       30%         3
 Lesser Beckoning         Tloc           8%         N/A       30%         3
 Teleport Other           Tloc           8%         N/A       30%         3
 Manifold Assault         Tloc           8%         N/A       96%         5


Dungeon Overview and Level Annotations

Branches:
Dungeon (1/15)

Altars:


Innate Abilities, Weirdness & Mutations

You are immune to sickness and miasma.
Your stone body is resilient. (AC +2)
You are immune to poison.
You resist negative energy. (rN+)
You are resistant to electric shocks. (rElec)
You are resistant to unholy torment.
You are immune to petrification.


Message History

A kobold is wielding a +1 vampiric whip.
The kobold shouts! x2
There are monsters nearby!
The kobold throws a stone.
The stone hits you.
Press: ? - help, v - describe, . - travel
Here: a kobold, wielding a +1 vampiric whip and quivering stones The floor.
The kobold throws a stone.
The stone closely misses you.
You barely miss the kobold. The kobold hits you but does no damage.
You hit the kobold.
The kobold is moderately wounded.
The kobold hits you but does no damage.
You miss the kobold. The kobold barely misses you.
You closely miss the kobold. The kobold misses you.
The kobold closely misses you.
You barely miss the kobold. The kobold hits you but does no damage.
You closely miss the kobold. The kobold closely misses you.
You barely miss the kobold. The kobold barely misses you.
You barely miss the kobold. The kobold barely misses you.
You hit the kobold but do no damage. The kobold barely misses you.
The kobold hits you but does no damage.
You closely miss the kobold. The kobold misses you.
You barely miss the kobold. The kobold barely misses you.
You hit the kobold but do no damage. The kobold hits you with a +0 club.
You hit the kobold but do no damage. The kobold hits you but does no damage.
The kobold hits you with a +0 club.
You thump the kobold!
You kill the kobold!
You hit the kobold.
The kobold is heavily wounded.
The kobold hits you with a +1 vampiric whip.
* * * LOW HITPOINT WARNING * * *
You closely miss the kobold.
The kobold is heavily wounded.
The kobold hits you with a +1 vampiric whip.
* * * LOW HITPOINT WARNING * * *
You barely miss the kobold.
The kobold is heavily wounded.
The kobold hits you with a +1 vampiric whip.
You die...

#..#.#.#.........#.*********
..##.#.#...##.##.#.########
.....#.#.....,..,#........#
####.#.#...##.#*#*........#
.#..,#.#....,,..,,........#
.#.###.###.##.#####.......#
.......#,,................#
.#.#####,#.##.#####.......# .#.#
*,#......@K...!....# ...#
*,##.#.#.##....##.##
...#****,**..,#.##....#*,*
...#,,,,,...,,#.##....#*,*
...#,,,,...,,,#.##....#*,*
...#,,,,..,,,,#.##.[..#*,*
...#,,,,.,,,,>#.##....#*,*
...#,,,,,,,,*,#.##.....*,*
...#,,,,,,,**,#.#**+*,,*,********


You could see a kobold.

Vanquished Creatures
  A dart slug (D:1)
  An endoplasm (D:1)
  A giant cockroach (D:1)
  A goblin (D:1)
  2 hobgoblins (D:1)
  A jackal (D:1)
  3 kobolds (D:1)
  A quokka (D:1)
  3 ball pythons (D:1)
  A bat (D:1)
  A frilled lizard (D:1)
  2 rats (D:1)
18 creatures vanquished.

Notes
Turn   | Place    | Note
-------+----------+-------------------------------------------
     0 | D:1      | ragingrage the Gargoyle Warper began the quest for the Orb.
     0 | D:1      | Reached XP level 1. HP: 12/12 MP: 3/3
   197 | D:1      | Reached XP level 2. HP: 14/17 MP: 5/5
   392 | D:1      | Reached skill level 3 in Maces & Flails
   533 | D:1      | Learned a level 2 spell: Blink
   608 | D:1      | Slain by a kobold

Illustrated notes

Levels and vault maps discovered:
D:1:      scummos_arrival_hexagon, layout_basic, minmay_indecisive_spiral

Skill      XL: |  1  2 |
---------------+-------+-----
Maces & Flails | 3 |  3.2
Fighting       | |  2.1
Throwing       | |  0.8
Armour         | |  1.1
Dodging        | |  1.5
Spellcasting   | |  2.0
Translocations | |  2.6

Action                   || total
-------------------------++-------
Melee: Mace              ||    78
  Use: Scroll            ||     2
Armor: Leather armour    ||    23
Dodge: Dodged            ||    56

Table legend: (Time is in decaauts)
 A = Elapsed time spent in this place.
 B = Non-inter-level travel time spent in this place.
 C = Inter-level travel time spent in this place.
 D = Time resting spent in this place.
 E = Time spent auto-exploring this place.
 F = Levels seen in this place.
 G = Mean time per level.
                   A        B        C        D        E       F      G
               +--------+--------+--------+--------+--------+-----+--------+
         Total |    627 |    627 |      0 |     92 |    367 |   1 |  627.0 |
       Dungeon |    627 |    627 |      0 |     92 |    367 |   1 |  627.0 |
               +--------+--------+--------+--------+--------+-----+--------+

Top non-repeatable levels by time:
     D:1: 627 daAuts
